cohdb
Replays
Latest Replays
All Replays
Popular Replays
Top Player Replays
Match Explorer
How It Works
Community
CoH3 Stats
Reddit
Sign in to upload your games and track your stats! →
Sign in with Steam
Match 41436697
Unlisted
Match 41436697
Overview
Messages
Build Orders
End
Vickers Machine Gun Team
Construct Section Command Post
Infantry Section
Infantry Section
ML 3-inch Mortar Team
Grenade Package
Construct Platoon Command Post
Selects Canadian Shock Battlegroup
Selects Attacking Spirit
Selects Canadian Shock Section
Humber Armored Car
6-pounder Anti-tank Gun Team
CMP 15cwt Truck
Canadian Shock Section
Unlock Bishop Self-propelled Artillery
Bishop Self-propelled Artillery
Selects Burnout
Burnout
Burnout
Burnout
Construct Company Command Post
Unlock M3 Grant Medium Tanks
Burnout
Burnout
M3 Grant Medium Tank
Selects Pyrotechnics
Burnout
Jolesepher
MADAO
TEDI_KOX
DEV ®
0
0
Comments
sign in to comment!
No comments posted yet!